 Dungeon Crawl Stone Soup version 0.28.0-45-g0d030f2227 (webtiles) character file.

Game seed: 6056778437303116032

67 McKennaii the Shield-Bearer (level 3, 0/31 HPs)
             Began as a Demigod Fighter on Apr 18, 2022.
             Slain by Natasha (8 damage)
             ... on level 1 of the Dungeon.
             The game lasted 00:01:30 (1686 turns).

McKennaii the Shield-Bearer (Demigod Fighter)       Turns: 1686, Time: 00:01:30

Health: 0/31       AC:  9    Str: 21    XL:     3   Next: 72%
Magic:  5/5        EV:  7    Int: 10    God:
Gold:   40         SH:  4    Dex: 13    Spells: 2/2 levels left

rFire   . . .      SeeInvis .   a - +0 trident
rCold   . . .      Faith    .   c - +0 buckler
rNeg    . . .      Spirit   .   e - +0 chain mail
rPois   .          Reflect  .   (no helmet)
rElec   .          Harm     .   (no cloak)
rCorr   .          Rampage  .   (no gloves)
Will    .....                   (no boots)
Stlth   ..........              (no amulet)
HPRegen 0.10/turn               (no ring)
MPRegen 0.09/turn               (no ring)

@: slowed, very slow
A: high MP 1, forlorn, divine attributes
a: no special abilities


You were on level 1 of the Dungeon.
You visited 1 branch of the dungeon, and saw 2 of its levels.

You collected 40 gold pieces.

Inventory:

Hand Weapons
 a - a +0 trident (weapon)
Armour
 c - a +0 buckler (worn)
 e - a +0 chain mail (worn)
Scrolls
 b - a scroll of teleportation {unknown}
 f - a scroll of silence {unknown}
Potions
 d - a potion of might
 g - a potion of brilliance {unknown}


   Skills:
 + Level 3.2 Fighting
 + Level 2.4 Polearms
 + Level 3.2 Armour
 + Level 3.2 Shields


You had 2 spell levels left.
You didn't know any spells.
Your spell library was empty.

Dungeon Overview and Level Annotations

Branches:
Dungeon (2/15)

Shops:
D:1 =

Annotations:
D:1 Natasha


Innate Abilities, Weirdness & Mutations

You have an increased reservoir of magic. (+10% MP)
You shall have no god before yourself.
Your divine heritage dramatically boosts your attributes as you level up.


Message History

There is a stone staircase leading down, spattered with blood here.
You see here the felid skeleton of Natasha.
Natasha, Servant of Life and Death comes into view.
Natasha hisses angrily.
Natasha casts a spell.
There is an open door here.
You reach to attack!
You miss Natasha. You closely miss Natasha. You block Natasha's attack.
The white imp gestures at you. The puff of frost misses you.
Natasha barely misses you.
You hit Natasha.
Natasha is moderately wounded.
Natasha casts a spell at you.
You feel yourself slow down.
Unknown command.
You closely miss Natasha.
Natasha is moderately wounded.
The white imp gestures at you. The puff of frost hits you!
You block Natasha's attack. The white imp gestures at you.
The puff of frost hits you.
Natasha stares at you and mumbles some strange words.
The magic dart hits you.
You hit Natasha.
Natasha is heavily wounded.
The white imp gestures at you.
The puff of frost hits you but does no damage.
Natasha barely misses you. The white imp barely misses you.
Natasha barely misses you.
Unknown command.
You closely miss Natasha.
Natasha is heavily wounded.
The white imp hits you but does no damage.
Natasha claws you. The white imp hits you. The white imp freezes you.
* * * LOW HITPOINT WARNING * * *
Unknown command.
You puncture Natasha!
Natasha is almost dead.
Natasha claws you!
You die...

#.#....##.###...## #.#
#.#.#.##...#.....## ####.#
#......###........## ##.##.#
##.#..###...........####...#.#
....†...####........'........#
##.#)####...........####...#.#
#.#....###........## ##.##.#
#.##.###.......h5## ####.#
#.##...##...#..@## ######.#
#.###.##...###'## #......#
#........### #.# #.######
#######.(# #.# #.#
#.######.### #.#
###.###......# #.#
#............#####.#
######.#..............#
###...####.#..#.#.#######


You could see Natasha and a white imp (summoned).

Vanquished Creatures
  Natasha (D:1)
  3 bats (D:1)
  4 endoplasms
  9 giant cockroaches (D:1)
  3 goblins (D:1)
  3 hobgoblins
  3 quokkas (D:1)
  3 ball pythons
  2 frilled lizards (D:1)
  3 kobolds (D:1)
  3 rats
37 creatures vanquished.

Notes
Turn   | Place    | Note
-------+----------+-------------------------------------------
     0 | D:1      | McKennaii the Demigod Fighter began the quest for the Orb.
     0 | D:1      | Reached XP level 1. HP: 18/18 MP: 3/3
   182 | D:1      | Found Vyhivisa's Jewellery Boutique.
   522 | D:1      | Reached XP level 2. HP: 25/25 MP: 4/4
   797 | D:1      | You fall into a shaft and drop 1 floor!
  1022 | D:1      | Reached XP level 3. HP: 31/31 MP: 5/5
  1259 | D:2      | Noticed Natasha
  1272 | D:1      | Killed Natasha
  1677 | D:1      | Noticed Natasha
  1686 | D:1      | Slain by Natasha

Illustrated notes

Levels and vault maps discovered:
D:1:      dpeg_arrival_three_same_balls, layout_loops_corners, serial_shops,
          shop, shapermc_ecumenical_altar_pompeii, minmay_worlds_worst_comb
D:2:      layout_loops_cross, uniq_natasha

Skill      XL: |  1  2 |
---------------+-------+-----
Polearms       | 2 |  2.4
Shields        | 3 |  3.2
Fighting       | 3 |  3.2
Armour         | 3 |  3.2

Action                   || total
-------------------------++-------
Melee: Trident           ||   120
Armor: Scale mail        ||     8
       Chain mail        ||    50
Dodge: Dodged            ||    42
Block: Buckler           ||    30
